Map: Babylon LE

Players

BrownMaru (Vindicta) - Winner!

  • Race: Terran Terran
  • League: Master
  • Spawn Location: 5:00

RayReign

  • Race: Protoss Protoss
  • League: Grandmaster
  • Spawn Location: 11:00

VOD

Have the link to the VOD?

Description

Time

  • Played on: April 24, 2023, 6:40 p.m.
  • Length: 10:52
Show
View Real Time Build Order
Export as new Build Order

BrownMaru Terran - Winner!

Build Orders:  

Get SALT Encoding   

  12  0:00  SCV  
  13  0:12  SCV  
  14  0:18  Supply Depot  
  14  0:24  SCV  
  15  0:40  SCV  
  15  0:41  Barracks  
  16  0:45  Refinery  
  16  0:52  SCV  
  17  1:04  SCV  
  18  1:16  SCV  
  19  1:28  Orbital Command  
  20  1:35  Barracks Reactor  
  19  1:43  Command Center  
  19  1:54  SCV, Supply Depot  
  20  2:06  SCV  
  20  2:08  Factory  
  21  2:11  Marine  
  21  2:13  Marine  
  23  2:18  SCV  
  23  2:21  Barracks  
  24  2:25  Bunker  
  24  2:30  Reaper, SCV  
  24  2:34  Reaper  
  27  2:43  Barracks  
  27  2:45  SCV  
  28  2:57  Orbital Command  
  28  3:01  SCV  
  28  3:02  Marine  
  30  3:06  Marine  
  30  3:07  Barracks Tech Lab  
  31  3:15  Refinery  
  31  3:20  Marine  
  31  3:22  SCV  
  31  3:23  Marine, SCV  
  31  3:25  Supply Depot  
  31  3:26  Stimpack  
  35  3:28  Marine  
  37  3:36  Barracks Tech Lab  
  37  3:37  SCV x2  
  37  3:38  Marine  
  38  3:41  Marine  
  38  3:47  Marine  
  40  3:49  SCV  
  40  3:50  SCV  
  40  3:54  Combat Shield  
  40  3:55  Marine x2  
  43  3:59  Marine  
  43  4:00  Supply Depot  
  43  4:01  SCV  
  43  4:02  SCV  
  47  4:11  Marine, Engineering Bay  
  47  4:13  SCV  
  47  4:14  Marauder, SCV  
  52  4:21  Marine x2  
  52  4:22  Supply Depot  
  54  4:26  Orbital Command, SCV  
  54  4:29  SCV  
  54  4:31  Marauder  
  57  4:36  Marauder  
  57  4:37  Factory  
  57  4:38  SCV  
  60  4:41  Marine  
  60  4:44  Marine  
  63  4:46  Supply Depot  
  63  4:50  SCV  
  65  4:52  Marauder  
  65  4:53  SCV  
  65  4:57  Marine  
  65  4:59  Terran Infantry Weapons Level 1  
  67  5:02  SCV  
  67  5:05  Refinery  
  68  5:09  Concussive Shells  
  68  5:10  Supply Depot  
  68  5:14  Marauder  
  69  5:17  SCV  
  69  5:19  Marine x2  
  71  5:22  Starport  
  71  5:23  SCV  
  71  5:27  Factory Reactor, Refinery  
  72  5:29  SCV  
  73  5:36  Marauder x2  
  73  5:39  Marine  
  73  5:40  Supply Depot  
  78  5:46  SCV x2  
  78  5:48  Marine  
  81  6:00  Supply Depot  
  81  6:01  Marauder x2  
  81  6:03  Supply Depot  
  85  6:08  Medivac x2  
  89  6:12  Factory Tech Lab  
  89  6:14  Marine  
  90  6:22  Marauder  
  90  6:23  Supply Depot  
  90  6:24  Command Center  
  91  6:28  Marauder, SCV  
  93  6:37  Siege Tank  
  93  6:38  Marine  
  97  6:40  SCV  
  97  6:43  Marauder  
  97  6:45  Marine, Supply Depot  
  101  6:50  SCV  
  101  6:53  Medivac, Terran Infantry Armor Level 1  
  104  6:54  Barracks  
  104  6:55  Medivac, Barracks  
  104  7:01  SCV  
  107  7:02  SCV  
  107  7:06  Marauder x2  
  112  7:10  Supply Depot  
  112  7:12  Siege Tank  
  115  7:18  SCV  
  116  7:22  Ghost Academy  
  116  7:23  Viking  
  116  7:26  SCV  
  119  7:30  SCV  
  119  7:34  Viking  
  122  7:38  SCV  
  122  7:39  Orbital Command  
  122  7:42  SCV  
  124  7:45  Siege Tank  
  124  7:49  Barracks Reactor, Barracks Tech Lab  
  127  7:52  Marauder, SCV  
  127  7:57  SCV  
  131  7:58  Sensor Tower  
  131  8:03  Ghost  
  134  8:05  SCV  
  134  8:08  SCV, Refinery, Supply Depot x2  
  134  8:09  SCV  
  136  8:15  Ghost  
  136  8:19  SCV  
  139  8:21  SCV  
  139  8:25  Refinery, SCV  
  141  8:28  Marine x4  
  147  8:35  Viking  
  147  8:36  Viking, Supply Depot  
  147  8:37  Supply Depot  
  151  8:43  Siege Tank  
  151  8:44  Marine  
  151  8:46  Marine x3  
  156  8:49  Missile Turret  
  156  8:50  Marine, Supply Depot x2  
  156  8:51  Marauder  
  156  8:52  Missile Turret  
  156  8:54  Marine  
  158  8:57  SCV  
  158  9:01  Armory  
  158  9:02  Engineering Bay  
  159  9:03  Marine, Marauder  
  162  9:10  Viking  
  162  9:13  Viking  
  168  9:26  Command Center  
  168  9:28  Marine  
  168  9:29  Marine, Marauder  
  169  9:35  SCV  
  169  9:36  Marine, Marauder  
  173  9:39  Marine  
  173  9:40  Marauder  
  176  9:46  Marine  
  176  9:47  Marine, Missile Turret x2  
  178  9:53  Marine  
  178  9:57  Marine  
  178  10:01  Viking  
  178  10:05  Siege Tank  
  181  10:08  Marauder  
  181  10:09  Supply Depot  
  172  10:18  Marine  
  143  10:25  SCV  
  124  10:29  Marine  
  129  10:37  SCV x2  
Show
View Real Time Build Order
Export as new Build Order

RayReign Protoss 

Build Orders: 1 Gate Expand, Phoenix Opening, Blink Stalkers, Colossus Rush 

Get SALT Encoding   

  12  0:00  Probe  
  13  0:12  Probe  
  14  0:18  Pylon  
  14  0:24  Probe  
  15  0:30  Assimilator  
  15  0:36  Probe (Chrono Boost)  
  16  0:47  Probe (Chrono Boost), Gateway  
  17  0:52  Probe (Chrono Boost)  
  18  1:03  Probe  
  19  1:22  Nexus  
  19  1:34  Cybernetics Core  
  19  1:36  Probe  
  20  1:41  Assimilator  
  20  1:49  Probe  
  20  1:52  Pylon  
  21  2:01  Probe  
  22  2:10  Sentry (Chrono Boost)  
  22  2:11  Warp Gate  
  22  2:13  Probe  
  25  2:19  Twilight Council  
  25  2:26  Probe (Chrono Boost)  
  25  2:27  Stalker  
  28  2:33  Phoenix  
  28  2:34  Probe (Chrono Boost)  
  29  2:38  Probe (Chrono Boost)  
  31  2:44  Probe (Chrono Boost)  
  31  2:45  Probe (Chrono Boost)  
  31  2:49  Probe (Chrono Boost)  
  31  2:50  Blink (Chrono Boost)  
  33  2:52  Probe  
  34  3:03  Probe  
  34  3:04  Probe  
  36  3:09  Gateway  
  36  3:15  Probe  
  36  3:16  Probe  
  38  3:25  Robotics Facility  
  38  3:27  Probe  
  38  3:28  Probe  
  38  3:39  Probe  
  38  3:40  Assimilator, Probe  
  40  3:42  Assimilator  
  40  3:43  Pylon  
  40  3:51  Probe  
  40  3:52  Probe, Shield Battery  
  42  4:00  Stalker  
  44  4:05  Probe  
  44  4:06  Probe  
  44  4:07  Stalker  
  48  4:11  Pylon  
  48  4:13  Observer (Chrono Boost)  
  48  4:16  Robotics Bay  
  49  4:18  Probe x2  
  49  4:22  Pylon  
  51  4:24  Stalker  
  53  4:31  Immortal (Chrono Boost)  
  53  4:35  Sentry  
  53  4:36  Probe x2  
  61  4:40  Pylon  
  61  4:41  Observer, Pylon  
  61  4:48  Sentry  
  63  4:54  Gateway  
  63  4:56  Gateway  
  63  5:14  Colossus (Chrono Boost)  
  63  5:16  Stalker x2  
  73  5:25  Probe x2  
  75  5:28  Pylon  
  75  5:29  Charge  
  75  5:35  Extended Thermal Lance  
  74  5:49  Stalker x3  
  80  5:53  Probe x2  
  82  6:01  Observer (Chrono Boost)  
  83  6:05  Nexus, Shield Battery  
  83  6:06  Pylon  
  83  6:10  Forge  
  83  6:11  Probe x2, Forge  
  85  6:21  Colossus (Chrono Boost)  
  90  6:34  Zealot x4  
  98  6:42  Probe x2  
  100  6:48  Protoss Ground Weapons Level 1 (Chrono Boost)  
  100  6:49  Pylon  
  100  6:54  Probe  
  100  6:55  Protoss Ground Armor Level 1 (Chrono Boost)  
  101  7:10  Shield Battery  
  101  7:13  Photon Cannon  
  101  7:14  Shield Battery  
  101  7:15  Zealot x4, Pylon  
  109  7:22  Colossus  
  109  7:27  Probe x2  
  109  7:28  Probe  
  118  7:45  Gateway  
  118  7:46  Gateway  
  118  7:51  Stalker x2  
  118  7:52  Gateway  
  118  7:53  Gateway, Pylon  
  118  7:54  Probe x3  
  118  7:57  Assimilator  
  125  7:59  Assimilator  
  125  8:04  Pylon  
  125  8:11  Probe  
  125  8:12  Probe, Pylon  
  127  8:16  Templar Archives  
  127  8:17  Probe  
  128  8:23  Probe  
  128  8:24  Probe  
  128  8:27  Pylon  
  130  8:28  Zealot x4  
  137  8:46  Warp Prism  
  137  8:47  Gateway  
  137  8:48  Gateway  
  137  9:08  High Templar x4  
  137  9:09  High Templar x2  
  149  9:11  High Templar  
  149  9:12  High Templar  
  149  9:13  Archon x3  
  149  9:15  Pylon  
  149  9:16  Archon  
  153  9:20  Probe x2  
  155  9:31  Nexus  
  155  9:35  Pylon  
  153  9:41  Zealot  
  153  9:42  Zealot x6  
  167  9:46  Zealot x3  
  171  10:08  Zealot x5  
  175  10:20  Zealot x5  
  95  10:30  Zealot x5  
  89  10:45  Zealot  
  89  10:47  Zealot x4  
Tags
 
Add a new tag
Caveats
  • Supply blocks, unpowered buildings, or Contaminate may cause inaccurate times.
  • Supply counts are checked every 10 seconds.